 Dungeon Crawl Stone Soup version 0.27-a0-333-gfa571bf19a (webtiles) character file.

Game seed: 16932649998460274389

104 Nattfarinn the Vexing (level 5, 0/28 HPs)
             Began as a Kobold Enchanter on Feb 12, 2021.
             Slain by an ogre
             ... wielding a +0 giant club
              (28 damage)
             ... on level 4 of the Dungeon.
             The game lasted 00:05:38 (3247 turns).

Nattfarinn the Vexing (Kobold Enchanter)            Turns: 3247, Time: 00:05:39

Health: 0/28       AC:  3    Str:  5    XL:     5   Next: 7%
Magic:  6/8        EV: 15    Int: 17    God:
Gold:   237        SH:  0    Dex: 16    Spells: 2/8 levels left

rFire    . . .     SeeInvis .   a - +1 dagger
rCold    . . .     Faith    .   (shield restricted)
rNeg     . . .     Spirit   .   b - +1 robe
rPois    .         Reflect  .   (no helmet)
rElec    .         Harm     .   (no cloak)
rCorr    .         Rampage  .   (no gloves)
Will     .....                  (no boots)
Stlth    ++++......             (no amulet)
HPRegen  0.09/turn              (no ring)
MPRegen  0.11/turn              (no ring)

@: no status effects
A: small, nightstalker 3
a: no special abilities


You were on level 4 of the Dungeon.
You visited 1 branch of the dungeon, and saw 4 of its levels.

You collected 237 gold pieces.

Inventory:

Hand Weapons
 a - a +1 dagger (weapon)
Armour
 b - a +1 robe (worn)
Jewellery
 d - a ring of protection from cold {unknown}
Scrolls
 c - 4 scrolls of identify {unknown}
 g - a scroll of random uselessness {unknown}
Potions
 e - a potion of attraction {unknown}
 h - 2 potions of brilliance {unknown}
 i - a potion of heal wounds {unknown}
 j - a potion of might {unknown}


   Skills:
 - Level 1.3 Short Blades
 - Level 2.4 Dodging
 - Level 4.0 Stealth
 - Level 2.1 Spellcasting
 * Level 5.3 Hexes


You had 2 spell levels left.
You knew the following spells:

 Your Spells              Type           Power        Failure   Level
a - Corona                Hex            22%          1%          1
b - Ensorcelled Hibernat  Hex/Ice        22%          10%         2
c - Confusing Touch       Hex            20%          6%          3

Your spell library contained the following spells:

 Spells                   Type           Power        Failure   Level
 Tukima's Dance           Hex            20%          6%          3
 Dazzling Flash           Conj/Hex       22%          19%         3


Dungeon Overview and Level Annotations

Branches:
Dungeon (4/15)
 Temple: D:4-7

Altars:
Okawaru
Vehumet

Annotations:
D:3 2 transporters, nano's ghost, amateur DgTm


Innate Abilities, Weirdness & Mutations

You are small and have problems with some larger weapons.
You are completely attuned to the shadows.


Message History

You see here a whip.
Found an escape hatch in the ceiling.
There is an escape hatch in the ceiling here.
A hound skeleton comes into view.
The helpless hound skeleton fails to defend itself.
You puncture the hound skeleton!
The hound skeleton is severely damaged.
The hound skeleton closely misses you.
A hound skeleton is nearby!
You hit the hound skeleton.
The hound skeleton is almost destroyed.
The hound skeleton barely misses you.
You hit the hound skeleton.
The hound skeleton is almost destroyed.
The hound skeleton bites you.
You hit the hound skeleton but do no damage.
The hound skeleton is almost destroyed.
The hound skeleton barely misses you.
You hit the hound skeleton.
You destroy the hound skeleton!
You have reached level 5!
You feel clever.
You see here a whip.
You see here 13 arrows.
Found a stone staircase leading down.
An ogre comes into view. It is wielding a +0 giant club.
There is a stone staircase leading down here.
The ogre shouts!
Casting: Ensorcelled Hibernation (safe; 10% risk of failure)
Confirm with . or Enter, or press ? or * to list all spells.
Aiming: Ensorcelled Hibernation (safe; 10% risk of failure)
Press: ? - help, Shift-Dir - straight line, f - ogre
Aim: an ogre, wielding a +0 giant club (chance to affect: 42%)
The ogre looks drowsy...
The helpless ogre fails to defend itself.
You impale the ogre!!
The ogre is severely wounded.
The ogre hits you with a +0 giant club!!
Ouch! That really hurt!
You die...

#.# #.# #.# ###
##.#### #.. #.....#
#.# #.###.########.##
###.# #...........#
....###..#######>.#
.##......# #@.#
.###.###.# #O.# .#
#.# #.# #.... .###.#
#.# #..### .....# #.#
#.... .##### #.#
#..#.#
^#######.#######..#.#
....................#
#########.######..###


You could see an ogre.

Vanquished Creatures
  A worker ant (D:4)
  A hound skeleton (D:4)
  2 adders
  An adder skeleton (D:4)
  A worm (D:2)
  A leopard gecko (D:4)
  4 orcs (D:3)
  6 bats
  2 goblins (D:1)
  4 hobgoblins
  6 jackals (D:1)
  A quokka (D:2)
  A ball python (D:2)
  3 frilled lizards (D:2)
  2 kobolds
  4 rats
40 creatures vanquished.

Notes
Turn   | Place    | Note
-------+----------+-------------------------------------------
     0 | D:1      | Nattfarinn the Kobold Enchanter began the quest for the
                  | Orb.
     0 | D:1      | Reached XP level 1. HP: 10/10 MP: 3/3
   362 | D:1      | Reached XP level 2. HP: 15/15 MP: 5/5
   581 | D:1      | Learned a level 2 spell: Ensorcelled Hibernation
  1329 | D:2      | Found an iron altar of Okawaru.
  1339 | D:2      | Reached skill level 4 in Hexes
  1339 | D:2      | Reached XP level 3. HP: 19/19 MP: 3/6
  2048 | D:2      | Found a faded altar of an unknown god.
  2243 | D:3      | Noticed a scorpion
  2251 | D:3      | Found a transporter.
  2258 | D:3      | Found a transporter.
  2270 | D:3      | Noticed nano's ghost (amateur DgTm)
  2339 | D:3      | Found a radiant altar of Vehumet.
  2345 | D:3      | Reached XP level 4. HP: 16/24 MP: 2/7
  3099 | D:4      | Reached skill level 5 in Hexes
  3138 | D:4      | Learned a level 3 spell: Confusing Touch
  3164 | D:4      | Reached XP level 5. HP: 25/28 MP: 8/8
  3243 | D:4      | Noticed an ogre
  3247 | D:4      | Slain by an ogre

Illustrated notes

Levels and vault maps discovered:
D:1:      minmay_arrival_four_circles, layout_loops_ring
D:2:      minmay_spotlight, layout_rooms, lemuel_round_altar,
          chequers_ecumenical_altar_grove, minmay_misc_feat_iff
D:3:      layout_loops_ring, old_standard_altar, gammafunk_ghost_arena,
          cheibrodos_gnoll_hut
D:4:      layout_loops_ring, minmay_temple_entry_mist

Skill      XL: |  1  2  3  4 |
---------------+-------------+-----
Hexes          | 4 5 |  5.3
Short Blades   | |  1.3
Dodging        | |  2.4
Stealth        | |  4.0
Spellcasting   | |  2.1

Action                   |  1- 3 |  4- 6 || total
-------------------------+-------+-------++-------
Melee: Dagger            |   100 |    33 ||   133
 Cast: Corona            |    13 |       ||    13
       Ensorcelled Hiber |    13 |     5 ||    18
  Use: Potion            |     1 |       ||     1
       Scroll            |       |     2 ||     2
 Stab: Sleeping          |    22 |     7 ||    29
Armor: Robe              |     9 |     3 ||    12
Dodge: Dodged            |    89 |    24 ||   113

Table legend: (Time is in decaauts)
 A = Elapsed time spent in this place.
 B = Non-inter-level travel time spent in this place.
 C = Inter-level travel time spent in this place.
 D = Time resting spent in this place.
 E = Time spent auto-exploring this place.
 F = Levels seen in this place.
 G = Mean time per level.
                   A        B        C        D        E       F      G
               +--------+--------+--------+--------+--------+-----+--------+
         Total |   3237 |   3184 |     53 |   1085 |   1704 |   4 |  809.2 |
       Dungeon |   3237 |   3184 |     53 |   1085 |   1704 |   4 |  809.2 |
               +--------+--------+--------+--------+--------+-----+--------+

Top non-repeatable levels by time:
     D:1: 1313 daAuts
     D:2: 899 daAuts
     D:4: 672 daAuts
     D:3: 351 daAuts
